 Dungeon Crawl Stone Soup version 0.27-a0-661-gca034ae587 (webtiles) character file.

Game seed: 2839358075459836992

7 Dreamer the Insei (level 2, 0/18 HPs)
             Began as an Octopode Transmuter on Mar 17, 2021.
             Slain by a jackal (2 damage)
             ... on level 1 of the Dungeon.
             The game lasted 00:00:37 (128 turns).

Dreamer the Insei (Octopode Transmuter)              Turns: 128, Time: 00:00:39

Health: 0/18       AC:  1    Str:  9    XL:     2   Next: 0%
Magic:  5/5        EV: 13    Int: 15    God:
Gold:   7          SH:  0    Dex: 12    Spells: 4/5 levels left

rFire    . . .     SeeInvis .     - Unarmed
rCold    . . .     Faith    .   (no shield)
rNeg     . . .     Spirit   .   (helmet restricted)
rPois    .         Reflect  .   (no amulet)
rElec    .         Harm     .   (no ring)
rCorr    .         Rampage  .   (no ring)
Will     .....                  (no ring)
Stlth    ++........             (no ring)
HPRegen  0.06/turn              (no ring)
MPRegen  0.09/turn              (no ring)
                                (no ring)
                                (no ring)

@: no status effects
A: almost no armour, amphibious, 8 rings, camouflage 1, gelatinous body 1,
nimble swimmer 1, tentacles
a: no special abilities


You were on level 1 of the Dungeon.
You visited 1 branch of the dungeon, and saw 1 of its levels.

You collected 7 gold pieces.

Inventory:

Scrolls
 a - 2 scrolls of teleportation {unknown}


   Skills:
 - Level 1.0 Fighting
 - Level 2.0 Dodging
 + Level 3.5 Unarmed Combat
 - Level 2.0 Spellcasting
 - Level 2.0 Transmutations


You had 4 spell levels left.
You knew the following spells:

 Your Spells              Type           Power      Damage    Failure   Level
a - Beastly Appendage     Tmut           14%        N/A       10%         1

Your spell library contained the following spells:

 Spells                   Type           Power      Damage    Failure   Level
 Wereblood                Tmut           7%         N/A       14%         2
 Spider Form              Tmut/Pois      2%         N/A       41%         3
 Ice Form                 Ice/Tmut       4%         N/A       82%         4
 Blade Hands              Tmut           3%         N/A       95%         5


Dungeon Overview and Level Annotations

Branches:
Dungeon (1/15)

Altars:


Innate Abilities, Weirdness & Mutations

You cannot wear most types of armour.
You are amphibious.
You can wear up to eight rings at the same time.
Your skin changes colour to match your surroundings (Stealth+).
Your rubbery body absorbs attacks. (AC +1, EV +1)
You are stealthy while swimming. (Stealth+)
You have tentacles for arms and can constrict up to eight enemies at once.


Message History

A hobgoblin comes into view. It is wielding a +0 club.
A jackal comes into view.
The hobgoblin hits you with a +0 club.
A jackal comes into view.
The jackal moves out of view.
Found a stone staircase leading down.
You tentacle-slap the hobgoblin. You grab the hobgoblin.
The hobgoblin is almost dead.
You constrict the hobgoblin, but do no damage.
The hobgoblin hits you with a +0 club.
* * * LOW HITPOINT WARNING * * *
You are too injured to fight recklessly!
You are too injured to fight recklessly!
You are too injured to fight recklessly!
You are too injured to fight recklessly!
You are too injured to fight recklessly!
You are too injured to fight recklessly!
You are too injured to fight recklessly!
You are too injured to fight recklessly!
You are too injured to fight recklessly!
You are too injured to fight recklessly!
You are too injured to fight recklessly!
You tentacle-slap the hobgoblin but do no damage.
You squeeze the hobgoblin.
You kill the hobgoblin!
A hobgoblin comes into view. It is wielding a +0 club.
You have reached level 2!
The hobgoblin shouts!
You tentacle-slap the jackal but do no damage.
You grab the jackal.
Your tentacle-slap misses the jackal.
You constrict the jackal, but do no damage.
The jackal misses you.
You tentacle-slap the jackal but do no damage.
You squeeze the jackal.
The jackal is moderately wounded.
You constrict the jackal, but do no damage.
The jackal bites you.
* * * LOW HITPOINT WARNING * * *
The jackal bites you.
You die...

#. .# #.# .# #.# .# #.# .#
#.# .# #.# .#
#######.###########.###.#.
...............†@hg......>
#######.###########)###..#
............... .#
#######.####### g. #.# .##
#.# .. ..# ## ###


You could see a jackal and a hobgoblin.

Vanquished Creatures
  A giant cockroach (D:1)
  A hobgoblin (D:1)
  2 jackals (D:1)
  A bat (D:1)
  A frilled lizard (D:1)
6 creatures vanquished.

Notes
Turn   | Place    | Note
-------+----------+-------------------------------------------
     0 | D:1      | Dreamer the Octopode Transmuter began the quest for the
                  | Orb.
     0 | D:1      | Reached XP level 1. HP: 13/13 MP: 3/3
   125 | D:1      | Reached XP level 2. HP: 5/18 MP: 5/5
   128 | D:1      | Slain by a jackal

Illustrated notes

Levels and vault maps discovered:
D:1:      lordsloth_arrival_two_stooges, layout_basic

Action                   || total
-------------------------++-------
Melee: Unarmed           ||    15
       Constrict         ||     6
       Tentacles         ||     2
Dodge: Dodged            ||    11

Table legend: (Time is in decaauts)
 A = Elapsed time spent in this place.
 B = Non-inter-level travel time spent in this place.
 C = Inter-level travel time spent in this place.
 D = Time resting spent in this place.
 E = Time spent auto-exploring this place.
 F = Levels seen in this place.
 G = Mean time per level.
                   A        B        C        D        E       F      G
               +--------+--------+--------+--------+--------+-----+--------+
         Total |    127 |    127 |      0 |      0 |     94 |   1 |  127.0 |
       Dungeon |    127 |    127 |      0 |      0 |     94 |   1 |  127.0 |
               +--------+--------+--------+--------+--------+-----+--------+

Top non-repeatable levels by time:
     D:1: 127 daAuts
